 Dungeon Crawl Stone Soup version 0.20.0-10-g0535bb4 (webtiles) character file.

48 blackwizard the Gusty (level 3, -1/31 HPs)
             Began as a Troll Air Elementalist on June 5, 2017.
             Was an Initiate of Okawaru.
             Slain by a worm (6 damage)
             ... on level 3 of the Dungeon.
             The game lasted 00:09:16 (1831 turns).

blackwizard the Gusty (Troll Air Elementalist)      Turns: 1831, Time: 00:09:17

Health: -1/31      AC:  5    Str: 17    XL:     3   Next: 50%
Magic:  4/4        EV:  7    Int: 11    God:    Okawaru [......]
Gold:   84         SH:  6    Dex: 10    Spells: 4/5 levels left

rFire    . . .     SeeInvis .   q - +0 short sword
rCold    . . .     Gourm    +   r - +0 shield
rNeg     . . .     Faith    .   a - +0 robe
rPois    .         Spirit   .   (helmet restricted)
rElec    .         Reflect  .   (no cloak)
rCorr    .         Harm     .   (gloves unavailable)
MR       .....                  (boots unavailable)
Stlth    +.........             (no amulet)
Regen    0.5/turn               n - ring of flight
MPRegen  0.1/turn               (no ring)

@: no status effects
A: unfitting armour, claws 3, fast metabolism 3, gourmand, regeneration 1,
shaggy fur 1, tough skin 2
a: Renounce Religion, Evoke Flight


You were on level 3 of the Dungeon.
You worshipped Okawaru.
Okawaru was noncommittal.
You were not hungry.

You visited 1 branch of the dungeon, and saw 3 of its levels.

You collected 84 gold pieces.

Inventory:

Hand Weapons
 q - a +0 short sword (weapon)
Missiles
 f - 104 stones (quivered)
 h - 20 bolts
Armour
 a - a +0 robe (worn)
 r - a +0 shield (worn)
Jewellery
 n - a ring of flight (left claw)
Scrolls
 d - a scroll of enchant armour {unknown}
 e - 4 scrolls of identify {unknown}
 j - 3 scrolls of recharging {unknown}
 k - a scroll of remove curse {unknown}
 o - a scroll of fog {unknown}
 p - a scroll of blinking {unknown}
 t - a scroll of noise {unknown}
Potions
 g - a potion of berserk rage {unknown}
 i - 3 potions of brilliance {unknown}
 l - a potion of invisibility {unknown}
 m - a potion of flight {unknown}
 w - a potion of might {unknown}
Books
 b - a book of Air

   Spells                             Type                      Level
   a - Shock                          Conjuration/Air              1
   b - Swiftness                      Charms/Air                   2
   c - Static Discharge               Conjuration/Air              3
   d - Airstrike                      Air                          4
   e - Lightning Bolt                 Conjuration/Air              5
Comestibles
 c - a bread ration
 s - a meat ration
 u - 3 chunks of flesh
 v - a royal jelly


   Skills:
 + Level 0.1 Fighting
 + Level 1.9 Dodging
 + Level 1.1 Stealth
 + Level 0.1 Shields
 + Level 0.2 Unarmed Combat
 + Level 1.5 Spellcasting
 + Level 1.0 Conjurations
 + Level 2.4 Air Magic


You had 4 spell levels left.
You knew the following spells:

 Your Spells              Type           Power        Failure   Level  Hunger
a - Shock                 Conj/Air       #...         71%         1    ##.....


Dungeon Overview and Level Annotations

Branches:
Dungeon (3/15)

Altars:
Dithmenos
Okawaru


Innate Abilities, Weirdness & Mutations

You are too large for most types of armour.
You have claws for hands.
Your metabolism is lightning-fast.
You like to eat raw meat.
Your natural rate of healing is unusually fast.
You are covered in fur. (AC +1)
You have very tough skin. (AC +2)


Message History

The worm is heavily wounded.
The worm bites you. The worm closely misses you.
You hit the worm.
The worm is heavily wounded.
The worm bites you! The worm barely misses you.
Some of the chunks of flesh in your inventory have rotted away.
You hit the worm.
The worm is severely wounded.
You hit the worm but do no damage.
The worm is severely wounded.
The worm barely misses you. You block the worm's attack.
You completely miss the worm.
The worm is heavily wounded.
The worm completely misses you. The worm bites you.
You hit the worm.
The worm is severely wounded.
The worm bites you!
* * * LOW HITPOINT WARNING * * *
The worm bites you.
You die...

#....###........._.#
#....# #...........#
#....###.w.........#
#....'..#.##########
#....##.#.#
#....##.#.#
#.......#'#########
#....w#............
#####@w............
###............
#............
#............
#............
#....$.......
#............
#............
#............


You could see 2 worms.

Vanquished Creatures
  3 leopard geckos
  An orc (D:2)
  A ball python (D:2)
  2 giant cockroaches
  A goblin (D:3)
  9 hobgoblins
  6 jackals
  2 quokkas
  4 bats
  5 frilled lizards (D:1)
  A kobold (D:1)
  5 rats
40 creatures vanquished.

Notes
Turn   | Place    | Note
-------+----------+-------------------------------------------
     0 | D:1      | blackwizard the Troll Air Elementalist began the quest for the Orb.
     0 | D:1      | Reached XP level 1. HP: 16/16 MP: 1/1
   232 | D:1      | Reached XP level 2. HP: 24/24 MP: 0/3
   976 | D:2      | Reached XP level 3. HP: 31/31 MP: 4/4
  1081 | D:2      | Found an iron altar of Okawaru.
  1144 | D:2      | Became a worshipper of Warmaster Okawaru
  1547 | D:3      | Found a faded altar of an unknown god.
  1668 | D:3      | Found a shadowy altar of Dithmenos.
  1740 | D:3      | Reached skill level 1 in Conjurations
  1831 | D:3      | Slain by a worm

Skill      XL: |  1  2  3 |
---------------+----------+-----
Conjurations   | 1 |  1.0
Fighting       | |  0.1
Dodging        | |  1.9
Stealth        | |  1.1
Shields        | |  0.1
Unarmed Combat | |  0.2
Spellcasting   | |  1.5
Air Magic      | |  2.4

Action                   || total
-------------------------++-------
Melee: Unarmed           ||    69
       Short sword       ||    75
 Cast: Shock             ||    20
  Eat: Chunk             ||     7
       Bread ration      ||     2
Armor: Robe              ||   111
Dodge: Dodged            ||   127
Block: Shield            ||    24
